 Dungeon Crawl Stone Soup version 0.17-a0-18-gc25b939 (webtiles) character file.

452 Kaesh the Ruffian (level 6, -2/61 HPs)
             Began as a Troll Monk on Mar 9, 2015.
             Slain by hornqvist's ghost (7 damage)
             ... on level 4 of the Dungeon.
             The game lasted 00:08:18 (2635 turns).

Kaesh the Ruffian (Troll Monk)                      Turns: 2635, Time: 00:08:18

Health: -2/61      AC:  7    Str: 20    XL:     6   Next: 75%
Magic:  3/3        EV: 11    Int:  6    God:
Gold:   57         SH:  0    Dex: 14    Spells: 0 memorised, 5 levels left

rFire  . . .     SeeInvis .       - Unarmed
rCold  + . .     Clarity  .     r - +2 robe {rC+}
rNeg   . . .     SustAb   .     (shield restricted)
rPois  .         Gourm    +     (helmet restricted)
rElec  .         Spirit   .     (no cloak)
rCorr  +         Warding  .     (gloves unavailable)
rMut   .         Stasis   .     (boots unavailable)
MR     .....                    i - amulet of resist corrosion
Stlth  ++........               (no ring)
                                (no ring)

@: not resistant to hostile enchantments, unstealthy
A: unfitting armour, claws 3, fast metabolism 3, gourmand, regeneration 2,
shaggy fur 1, tough skin 2
a: no special abilities


You were on level 4 of the Dungeon.
You were full.

You visited 1 branch of the dungeon, and saw 4 of its levels.

You collected 57 gold pieces.

Inventory:

Armour
 a - a +0 robe
 r - a +2 robe of cold resistance (worn)
Jewellery
 i - an amulet of resist corrosion (around neck)
Magical devices
 n - a wand of frost (12)
 s - a wand of slowing (22)
Scrolls
 c - 9 scrolls of identify {unknown}
 d - a scroll of enchant weapon {unknown}
 h - a scroll of teleportation {unknown}
 k - 3 scrolls of remove curse {unknown}
 l - 2 scrolls of magic mapping {unknown}
 q - a scroll of fear {unknown}
Potions
 e - 3 potions of curing {unknown}
 j - 3 potions of heal wounds {unknown}
 o - a potion of poison {unknown}
 p - 2 potions of flight {unknown}
Comestibles
 b - 6 meat rations
 f - a fruit
 g - 3 bread rations
 m - a beef jerky


   Skills:
 + Level 3.4 Fighting
 + Level 2.1 Armour
 + Level 3.6 Dodging
 + Level 2.3 Stealth
 + Level 5.2 Unarmed Combat


You had 5 spell levels left.
You didn't know any spells.

Dungeon Overview and Level Annotations

Branches:
Dungeon (4/15)
 Temple: D:4-7

Altars:

Annotations:
D:4 hornqvist's ghost, average FoFi


Innate Abilities, Weirdness & Mutations

You are too large for most types of armour.
You have claws for hands.
Your metabolism is lightning-fast.
You like to eat raw meat.
You heal very quickly.
You are covered in fur (AC +1).
You have very tough skin (AC +2).


Message History

Hornqvist's ghost barely misses you.
You scratch something. Something hits you. Hornqvist's ghost hits you!
* * * LOW HITPOINT WARNING * * *
Hornqvist's ghost freezes you.
* * * LOW HITPOINT WARNING * * *
You miss something.
An orc wizard appears from thin air!
Reactivating autopickup.
The orc wizard closely misses you. Hornqvist's ghost hits you.
* * * LOW HITPOINT WARNING * * *
You claw the orc wizard!
You kill the orc wizard!
Hornqvist's ghost hits you!
* * * LOW HITPOINT WARNING * * *
Hornqvist's ghost freezes you.
* * * LOW HITPOINT WARNING * * *
You scratch the orc.
The orc begins to bleed from its wounds!
The orc is heavily wounded.
Hornqvist's ghost hits you!
You die...

## . .... .$.
##..... #..
....... ..
.....$.
#.####........
#.W@o<.......!
#..###........
#.. .......
#.. ..###..
.!# ... . ###
...# ...# ...#
.


You could see hornqvist's ghost and an orc (bleeding).

Vanquished Creatures
  A black bear (D:3)
  An ogre (D:4)
  Sigmund (D:3)
  A worker ant (D:3)
  An orc wizard (D:4)
  A worker ant zombie (D:3)
  5 adders
  A worm (D:2)
  3 giant geckos
  An ooze (D:3)
  8 orcs
  11 bats
  2 giant cockroaches
  8 hobgoblins
  6 jackals (D:1)
  2 quokkas (D:3)
  2 ball pythons
  2 giant newts (D:2)
  7 goblins
  9 kobolds
  9 rats
82 creatures vanquished.

Notes
Turn   | Place    | Note
--------------------------------------------------------------
     0 | D:1      | Kaesh, the Troll Monk, began the quest for the Orb.
     0 | D:1      | Reached XP level 1. HP: 22/22 MP: 1/1
   115 | D:1      | Reached XP level 2. HP: 29/29 MP: 1/1
   570 | D:2      | Reached XP level 3. HP: 32/36 MP: 2/2
  1685 | D:3      | Noticed a black bear
  1688 | D:3      | Reached XP level 4. HP: 44/44 MP: 2/2
  1698 | D:3      | Killed a black bear
  1698 | D:3      | Reached skill level 1 in Armour
  1698 | D:3      | Reached XP level 5. HP: 7/53 MP: 2/2
  2336 | D:3      | Noticed Sigmund
  2356 | D:3      | Killed Sigmund
  2356 | D:3      | Reached skill level 5 in Unarmed Combat
  2356 | D:3      | Reached XP level 6. HP: 27/61 MP: 3/3
  2620 | D:4      | Noticed hornqvist's ghost (average FoFi)
  2635 | D:4      | Slain by hornqvist's ghost

Action                   |  1- 3 |  4- 6 || total
-------------------------+-------+-------++-------
Melee: Unarmed           |    93 |   150 ||   243
 Stab: Sleeping          |       |     2 ||     2
  Eat: Chunk             |    15 |    11 ||    26
